Unix NetHack Version 3.7.0-97 Work-in-progress - last build Jan 28 2024 04:41:54 (eae211b052f4c4d875b52ed558e44d2f93f0896c,branch:master). Game began 2024-02-03 16:37:05, ended 2024-02-03 16:54:00. elenmirie, lawful female human Knight --------- |.......| |.<...... |.......| |...u...| ----@---- #Y Elenmirie the Esquire St:15 Dx:10 Co:13 In:7 Wi:15 Ch:18 Lawful Dlvl:7 $:323 HP:0(36) Pw:30(30) AC:1 Xp:5/196 T:3482 Hungry Burdened Latest messages: You hear someone counting gold coins. You hear someone counting gold coins. You feel a draft. You hear crashing rock. Talk to whom? (in what direction) l Arod whickers. You fall down the stairs. You see here a scroll called 100 abr. You hear a door open. You have a little trouble lifting C - a scroll called 100 abr. You are beginning to feel hungry. You hit the ape! The ape hits! The ape just misses! The ape bites! The ape misses! The ape hits! The ape misses! The ape misses! The ape just misses! The ape misses! Arod hits the ape. The ape is killed! You swap places with Arod. There is a doorway here. You see here an ape corpse. The ape misses! The ape hits! The ape misses! The ape hits! The ape misses! The ape bites! You miss the ape. The ape hits! The ape misses! The ape bites! You hit the ape. The ape hits! The ape misses! The ape bites! You miss the ape. The ape hits! The ape hits again! The ape bites! You die... Do you want your possessions identified? [ynq] (y) y Do you want to see your attributes? [ynq] (y) y Do you want an account of creatures vanquished? [ynaq] (y) y Do you want to see your conduct and achievements? [ynq] (y) y Do you want to see the dungeon overview? [ynq] (y) y Inventory: Coins $ - 323 gold pieces Weapons a - an uncursed +1 long sword (weapon in right hand) b - an uncursed +1 lance (alternate weapon; not wielded) Armor d - an uncursed +0 helmet (being worn) f - an uncursed +0 pair of leather gloves (being worn) A - an uncursed +0 pair of high boots (being worn) e - an uncursed +0 small shield (being worn) c - an uncursed +1 ring mail (being worn) Comestibles s - an uncursed holy hand grenade g - 13 uncursed apples h - 10 uncursed carrots r - 2 uncursed food rations Scrolls C - an uncursed scroll of destroy armor n - a cursed scroll of identify j - an uncursed scroll of teleportation Potions i - a blessed potion of fruit juice k - an uncursed potion of gain ability p - an uncursed potion of healing B - an uncursed potion of monster detection Rings u - a cursed ring of cold resistance w - an uncursed ring of free action t - an uncursed ring of protection from shape changers Tools x - an uncursed blindfold m - an uncursed expensive camera (0:41) Elenmirie the Knight's attributes: Background: You were an Esquire, a level 5 female human Knight. You were lawful, on a mission for Lugh who was opposed by Brigit (neutral) and Manannan Mac Lir (chaotic). You were right-handed. You were in the Dungeons of Doom, on level 7. You entered the dungeon 3482 turns ago. You had 196 experience points, 124 more were needed to attain level 6. Basics: You had 0 out of 36 hit points. You had all 30 energy points (spell power). Your armor class was 1. Your wallet contained 323 zorkmids. Autopickup was on for '$' plus thrown. Final Characteristics: Your strength was 15 (limit:18/100). Your dexterity was 10 (limit:18). Your constitution was 13 (limit:18). Your intelligence was 7 (limit:18). Your wisdom was 15 (limit:18). Your charisma was 18 (limit:18). Final Status: You were hungry. You were burdened; movement was slightly slowed. You were wielding a long sword. You had basic skill with long sword. Final Attributes: You were piously aligned. You could jump. You were warded. You are dead. Miscellaneous: You never encountered a bones level. Total elapsed playing time was 16 minutes and 54 seconds. Major events: Turn 1: elenmirie the lawful female human Knight entered the dungeon 984: entered the Gnomish Mines 1149: attained the rank of Esquire (level 3) 3482: killed by an ape Vanquished creatures: an ape 4 Mordor orcs a pony a yellow light a violet fungus a floating eye a giant bat a werejackal 3 iguanas a coyote 2 gas spores a hobbit a yellow mold 4 garter snakes 2 geckos 7 jackals a fox 3 kobolds 2 goblins 3 sewer rats 3 grid bugs a bat 7 lichens 2 kobold zombies 6 newts 60 creatures vanquished. No species were genocided or became extinct. Voluntary challenges: You read items or engraved 2 times. You never engraved Elbereth. You never genocided any monsters. You never polymorphed an object. You never changed form. You used no wishes. Achievements: You entered the Gnomish Mines. You attained the rank of Esquire. You entered a shop. The Dungeons of Doom: levels 1 to 7 Level 1: Level 2: A fountain. Stairs down to The Gnomish Mines. Level 3: Level 4: A fountain. Level 5: Level 6: An altar, a fountain. Level 7: <- You were here. Final resting place for you, killed by an ape. The Gnomish Mines: Level 3: Game over: ---------- / \ / REST \ / IN \ / PEACE \ / \ | elenmirie | | 323 Au | | killed by an ape | | | | | | | | 2024 | *| * * * | * _________)/\\_//(\/(/\)/\//\/|_)_______ Fare thee well elenmirie the Knight... You died in The Dungeons of Doom on dungeon level 7 with 1375 points, and 323 pieces of gold, after 3482 moves. You were level 5 with a maximum of 36 hit points when you died.